 Dungeon Crawl Stone Soup version 0.29.1-15-g9cfb28693d (webtiles) character file.

Game seed: 176350126480458799

420 bnorton916 the Magician (level 6, -11/32 HPs)
             Began as a Deep Elf Fire Elementalist on Feb 27, 2023.
             Was an Initiate of Gozag.
             Mangled by an ogre
             ... wielding a +0 giant spiked club
              (19 damage)
             ... on level 7 of the Dungeon.
             The game lasted 00:04:09 (4064 turns).

bnorton916 the Magician (DEFE)                      Turns: 4064, Time: 00:04:10

Health: -11/32     AC:  6    Str:  5    XL:     6   Next: 62%
Magic:  8/17       EV: 12    Int: 22    God:    Gozag
Gold:   156        SH:  0    Dex: 15    Spells: 12/18 levels left

rFire   . . .      SeeInvis .   (no weapon)
rCold   . . .      Faith    .   (no shield)
rNeg    . . .      Spirit   .   a - +0 robe
rPois   .          Reflect  .   (no helmet)
rElec   .          Harm     .   (no cloak)
rCorr   .          Rampage  .   (no gloves)
Will    .....                   (no boots)
Stlth   ++........              (no amulet)
HPRegen 0.10/turn               m - +4 ring of protection
MPRegen 0.15/turn               (no ring)

@: gold aura
A: no striking features
a: Renounce Religion, Potion Petition, Call Merchant, Bribe Branch


You were on level 7 of the Dungeon.
You worshipped Gozag.
Gozag was aware of your devotion.
You visited 1 branch of the dungeon, and saw 5 of its levels.

You collected 187 gold pieces.
You paid 31 gold pieces to Gozag.

Inventory:

Hand Weapons
 g - a +0 short sword of venom
 n - a +0 dagger of venom
 s - a +2 dagger of protection
Missiles
 h - 4 boomerangs
Armour
 a - a +0 robe (worn)
Jewellery
 f - a ring of ice
 m - a +4 ring of protection (left hand)
Scrolls
 d - a scroll of noise {unknown}
 e - 2 scrolls of enchant armour {unknown}
 i - 2 scrolls of blinking {unknown}
 k - 2 scrolls of fog {unknown}
 l - 3 scrolls of magic mapping {unknown}
 o - a scroll of poison {unknown}
 p - a scroll of teleportation {unknown}
 q - 3 scrolls of identify {unknown}
Potions
 b - a potion of magic
 c - a potion of attraction {unknown}
 j - a potion of ambrosia {unknown}
 r - 2 potions of cancellation {unknown}


   Skills:
 - Level 2.4 Dodging
 - Level 2.4 Stealth
 + Level 6.6 Spellcasting
 + Level 4.9 Conjurations
 - Level 4.3 Fire Magic


You had 12 spell levels left.
You knew the following spells:

 Your Spells              Type           Power      Damage    Failure   Level
a - Foxfire               Conj/Fire      100%       2x1d9     1%          1
b - Scorch                Fire           52%        2d7       2%          2
c - Conjure Flame         Conj/Fire      27%        6-21      3%          3

Your spell library contained the following spells:

 Spells                   Type           Power      Damage    Failure   Level
 Inner Flame              Hex/Fire       16%        N/A       11%         3
 Ensorcelled Hibernation  Hex/Ice        14%        N/A       13%         2
 Passwall                 Tmut/Erth      5%         N/A       13%         2
 Flame Wave               Conj/Fire      27%        2d9       13%         4
 Gell's Gravitas          Tloc           7%         N/A       26%         3
 Summon Guardian Golem    Hex/Summ       7%         N/A       26%         3
 Swiftness                Air            7%         N/A       26%         3
 Teleport Other           Tloc           7%         N/A       26%         3
 Dispersal                Tloc           3%         N/A       100%        6
 Orb of Destruction       Conj           14%        9d7       100%        7
 Spellforged Servitor     Conj/Summ      9%         N/A       100%        7


Dungeon Overview and Level Annotations

Branches:
Dungeon (4/15)
 Temple: D:4-7

Altars:
Gozag
Xom


Message History

The bullfrog's fire resistance burns away.
You hear a shout!
The bullfrog hits you. The bullfrog hits you.
An ogre comes into view. It is wielding a +0 giant spiked club.
Casting: Scorch (safe; 2% risk of failure)
Confirm with . or Enter, or press ? or * to list all spells.
Flames lash the bullfrog.
The bullfrog is burned terribly!
You kill the bullfrog!
The ogre shouts!
A centaur comes into view.
The centaur wields a +0 shortbow.
The centaur shoots an arrow.
The arrow hits you but does no damage.
Unknown command.
Casting: Scorch (safe; 2% risk of failure)
Confirm with . or Enter, or press ? or * to list all spells.
Flames lash the centaur.
The centaur is severely wounded.
The centaur's fire resistance burns away.
The centaur shoots an arrow.
The arrow hits you!
Unknown command.
Casting: Scorch (safe; 2% risk of failure)
Confirm with . or Enter, or press ? or * to list all spells.
Flames lash the ogre.
The ogre is moderately wounded.
The ogre's fire resistance burns away.
The centaur shoots an arrow.
The arrow hits you but does no damage.
The centaur shoots an arrow.
The arrow hits you.
The centaur shoots an arrow.
The arrow hits you.
* * * LOW HITPOINT WARNING * * *
The ogre attacks as you move away! The ogre barely misses you.
Casting: Scorch (safe; 2% risk of failure)
Confirm with . or Enter, or press ? or * to list all spells.
Flames lash the centaur.
The centaur is burned terribly!
The centaur is almost dead.
The centaur shoots an arrow.
The arrow misses you.
The ogre hits you with a +0 giant spiked club!!
Ouch! That really hurt!
You die...
Your body crumbles into a pile of gold.

#.........≈≈≈≈≈≈§§≈
#.........≈.......≈
#.........§§♣♣♣♣♣§§
#.........≈§♣...§§≈
#.........≈.♣._.♣(≈
#.........≈..)..♣.≈
##'######.≈.♣♣♣♣♣.§ #.#
#.....)§§.§ #@#
#.≈≈≈≈≈≈§§≈
#O######...)..§§..
......$c............>##.
#........###########....
$ #.######.# #.### ..
#.# ##. ..# # .## #


You could see an ogre (combustible) and a centaur (combustible).

Vanquished Creatures
  A kobold brigand (D:7)
  2 bullfrogs (D:7)
  A necrophage (D:7)
  An iguana (D:4)
  7 adders
  An orc (D:3)
  7 endoplasms
  2 giant cockroaches
  3 goblins
  10 hobgoblins
  2 jackals (D:2)
  6 quokkas
  4 ball pythons
  3 bats (D:2)
  9 kobolds
  14 rats
73 creatures vanquished.

Vanquished Creatures (others)
  273 foxfires
273 creatures vanquished.

Grand Total: 346 creatures vanquished

Notes
Turn   | Place    | Note
-------+----------+-------------------------------------------
     0 | D:1      | bnorton916 the Deep Elf Fire Elementalist began the quest
                  | for the Orb.
     0 | D:1      | Reached XP level 1. HP: 10/10 MP: 6/6
   116 | D:1      | Found a faded altar of an unknown god.
   443 | D:1      | Reached XP level 2. HP: 13/15 MP: 2/8
  1628 | D:1      | Learned a level 2 spell: Scorch
  1673 | D:2      | Reached XP level 3. HP: 19/19 MP: 7/10
  1963 | D:2      | Reached skill level 4 in Spellcasting
  2106 | D:2      | Reached XP level 4. HP: 24/24 MP: 9/12
  2665 | D:2      | Learned a level 3 spell: Conjure Flame
  3404 | D:3      | Found an opulent altar of Gozag.
  3412 | D:3      | Became a worshipper of Gozag Ym Sagoz the Greedy
  3656 | D:4      | Reached skill level 5 in Spellcasting
  3656 | D:4      | Reached XP level 5. HP: 28/28 MP: 8/14
  3769 | D:4      | You fall into a shaft and drop 3 floors!
  3782 | D:7      | Found a shimmering altar of Xom.
  3870 | D:7      | Reached skill level 6 in Spellcasting
  3870 | D:7      | Reached XP level 6. HP: 15/32 MP: 4/17
  4064 | D:7      | Mangled by an ogre

Illustrated notes

Levels and vault maps discovered:
D:1:      nagdon_arrival_zigzag_paths, layout_basic,
          shapermc_ecumenical_altar_pompeii
D:2:      layout_basic
D:3:      minmay_inner_zag, layout_rooms, lemuel_coloured_pillars_altar,
          serial_rivers, chequers_serial_rivers_marsh,
          chequers_serial_rivers_small_b, chequers_serial_rivers_micro_a,
          chequers_serial_rivers_micro_b, chequers_serial_rivers_marsh,
          chequers_serial_rivers_micro_a
D:4:      layout_basic, nicolae_uskayaw_en_pointe, minmay_temple_entry_mist,
          kennysheep_small_circle
D:7:      layout_basic, mainiacjoe_overflow_brackets,
          nicolae_dithmenos_shadow_blocks, uniq_crazy_yiuf_cottage, uniq_pikel

Skill      XL: |  1  2  3  4  5 |
---------------+----------------+-----
Conjurations   | 2 3 4 |  4.9
Spellcasting   | 4 5 6 |  6.6
Fire Magic     | 4 |  4.3
Dodging        | |  2.4
Stealth        | |  2.4

Action                   |  1- 3 |  4- 6 || total
-------------------------+-------+-------++-------
 Cast: Foxfire           |    81 |    75 ||   156
       Scorch            |     2 |    22 ||    24
Armor: Robe              |     1 |     6 ||     7
Dodge: Dodged            |    13 |    10 ||    23
